 Dungeon Crawl Stone Soup version 0.13-a0-2382-gbc6a47d (webtiles) character file.

1758 Juliette the Frost Mage (level 8, -6/52 HPs)
             Began as a Merfolk Ice Elementalist on July 14, 2013.
             Killed by nerve-wracking pain
             ... invoked by Grinder
              (9 damage)
             ... on Level 3 of the Dungeon.
             The game lasted 00:58:26 (8709 turns).

Juliette the Frost Mage (Merfolk Ice Elementalist)  Turns: 8709, Time: 00:58:26

HP  -6/52        AC  5     Str  8      XL: 8   Next: 62%
MP  28/29        EV 13     Int 17      God:
Gold 412         SH  0     Dex 18      Spells:  3 memorised, 10 levels left

Res.Fire  : . . .   See Invis. : .   A - +1,+2 halberd (freeze)
Res.Cold  : . . .   Warding    : .   p - +2 leather armour {rPois}
Life Prot.: . . .   Conserve   : .   (no shield)
Res.Poison: +       Res.Corr.  : .   (no helmet)
Res.Elec. : .       Clarity    : +   (no cloak)
Sust.Abil.: . .     Spirit.Shd : .   (no gloves)
Res.Mut.  : .       Stasis     : .   (no boots)
Res.Rott. : .       Flight     : .   k - amulet of clarity
Saprovore : . . .                    B - ring of magical power
                                     J - +4 ring of dexterity

@: slightly resistant to hostile enchantments, fairly stealthy
A: change form in water, swift swim
a: no special abilities


You were on level 3 of the Dungeon.
You were hungry.

You visited 2 branches of the dungeon, and saw 8 of its levels.

You collected 392 gold pieces.

Inventory:

Hand weapons
 A - a +1,+2 halberd of freezing (weapon)
 F - a +0,+0 scythe
Armour
 p - a +2 leather armour of poison resistance (worn)
 G - a +1 robe of magic resistance
Magical devices
 t - a wand of random effects (8) {unknown}
 Q - a wand of paralysis (12) {unknown}
Comestibles
 c - 2 bread rations
 n - 3 meat rations
 I - a chunk of bat flesh
 R - a rotting chunk of goliath beetle flesh
 S - a rotting chunk of quokka flesh
 T - a rotting chunk of hound flesh
Scrolls
 a - a scroll of curse weapon {unknown}
 g - 2 scrolls of enchant armour {unknown}
 i - a scroll of blinking {unknown}
 l - 9 scrolls of identify {unknown}
 m - 2 scrolls of remove curse
 q - a scroll of fog {unknown}
 x - 3 scrolls of immolation {unknown}
 y - 2 scrolls of noise {unknown}
 C - a scroll of curse jewellery {unknown}
 D - a scroll of teleportation
 E - a scroll of fear {unknown}
 H - a scroll of amnesia {unknown}
 L - a scroll of enchant weapon II {unknown}
 O - a scroll of magic mapping {unknown}
 P - a scroll of recharging {unknown}
Jewellery
 h - an uncursed ring of magical power
 k - an amulet of clarity (around neck)
 B - a ring of magical power (right hand)
 J - a +4 ring of dexterity (left hand)
Potions
 d - a potion of heal wounds {unknown}
 e - a potion of flight {unknown}
 f - 2 potions of might {unknown}
 j - 2 potions of speed {unknown}
 o - a potion of agility {unknown}
 r - 2 potions of restore abilities {unknown}
 s - a potion of magic {unknown}
 u - a potion of invisibility {unknown}
 v - a potion of brilliance {unknown}
 w - a potion of slowing {unknown}
 z - 3 potions of curing {unknown}
 M - 2 potions of decay {unknown}
 N - a potion of degeneration {unknown}
Books
 b - a book of Frost

   Spells                             Type                      Level
   *Freeze                            Ice                          1
   Throw Frost                        Conjuration/Ice              2
   *Ozocubu's Armour                  Charms/Ice                   3
   Throw Icicle                       Conjuration/Ice              4
   Summon Ice Beast                   Ice/Summoning                4
   *Condensation Shield               Ice                          4


   Skills:
 - Level 5.1 Polearms
 - Level 4.0 Dodging
 - Level 2.1 Stealth
 * Level 5.8 Spellcasting
   Level 0.7 Conjurations
 - Level 8.0 Ice Magic


You had 10 spell levels left.
You knew the following spells:

 Your Spells              Type           Power        Failure   Level  Hunger
a - Freeze                Ice            ####         1%          1    None
b - Condensation Shield   Ice            ####......   6%          4    ####...
c - Ozocubu's Armour      Chrm/Ice       ###.......   10%         3    ###....


Dungeon Overview and Level Annotations

Branches:
Dungeon (7/27)             Temple (1/1) D:4
    Orc: D:6-11

Altars:
Ashenzari
Elyvilon
Fedhas
Kikubaaqudgha
Makhleb
Nemelex Xobeh
Sif Muna
Vehumet
Xom
Yredelemnul
the Shining One
Lugonu

Portals:
Ziggurat: D:5 (5500 gp)

Annotations
D:3 Grinder


Message History

Pain shoots through your body! Grinder gestures at you.
You suddenly lose the ability to move!
Grinder hits you.
You writhe in agony.
Grinder gestures at you. Pain shoots through your body!
* * * LOW HITPOINT WARNING * * *
Grinder hits you.
* * * LOW HITPOINT WARNING * * *
You writhe in agony.
* * * LOW HITPOINT WARNING * * *
Grinder gestures at you. You resist.
Grinder says, "There's only one good use for a tongue: cutting it out."
Grinder hits you but does no damage.
You can move again.
Grinder gestures at you. Pain shoots through your body!
You die...

.........#### #.........##.......
.........# #.........#######'#
.........# #.........# #.#
##'####### ######'#### #.. #..##
#.# ##. ##..# ########.# #####
####'### #........# #....
.......# ###+########## #....
....%..####...5.@......# #....
.......'..'............# ####(...
.......####............###.......
.......# #............'...##....
.......# #............######....
#'###### ####+######### #....
#....# #.### ####. ####.# #...#
#.. #.## ###.# ###)#


You could see Grinder.

Vanquished Creatures
  An orc warrior (D:6)
  2 ogres
  Sigmund (D:3)
  A giant frog (D:6)
  Blork the orc (D:5)
  A goliath beetle (D:7)
  4 crimson imps
  2 worker ants
  An iguana (D:6)
  6 hounds
  2 orc priests (D:7)
  3 orc wizards
  2 jellies
  An ogre skeleton (D:5)
  Terence (D:3)
  7 gnolls (D:6)
  4 adders
  A giant mite (D:6)
  A worm (D:7)
  A giant eyeball (D:6)
  3 giant geckos
  2 oozes
  10 orcs
  A bat skeleton (D:4)
  15 hobgoblins
  3 quokkas
  9 bats
  5 giant cockroaches
  7 giant newts
  15 goblins
  2 jackals (D:4)
  14 kobolds
  12 rats
  A ballistomycete (D:6)
142 creatures vanquished.

Vanquished Creatures (others)
  2 giant spores
2 creatures vanquished.

Grand Total: 144 creatures vanquished

Notes
Turn   | Place    | Note
--------------------------------------------------------------
     0 | D:1      | Juliette, the Merfolk Ice Elementalist, began the quest for the Orb.
     0 | D:1      | Reached XP level 1. HP: 13/13 MP: 3/3
     4 | D:1      | Noticed a centaur
     4 | D:1      | Noticed a minotaur
     6 | D:1      | Noticed an ogre
     6 | D:1      | Noticed a draconian
     8 | D:1      | Noticed a merfolk
     8 | D:1      | Noticed a ghoul
    10 | D:1      | Noticed a naga
    10 | D:1      | Noticed an octopode
    12 | D:1      | Noticed a troll
    12 | D:1      | Noticed a human
    14 | D:1      | Noticed a vampire
    14 | D:1      | Noticed a tengu
    16 | D:1      | Noticed an elf
    18 | D:1      | Noticed a demigod
    20 | D:1      | Noticed a dwarf
    20 | D:1      | Noticed a demonspawn
    22 | D:1      | Noticed a spriggan
    22 | D:1      | Noticed a felid
   194 | D:1      | Reached XP level 2. HP: 19/19 MP: 0/4
   510 | D:1      | Reached skill level 4 in Dodging
   868 | D:1      | Reached XP level 3. HP: 22/24 MP: 5/5
  1260 | D:2      | Found a white marble altar of Elyvilon.
  2082 | D:2      | Reached XP level 4. HP: 26/30 MP: 8/8
  2308 | D:3      | Noticed Sigmund
  2517 | D:3      | Reached XP level 5. HP: 11/35 MP: 11/11
  2777 | D:3      | Noticed Grinder
  2778 | D:3      | Paralysed by Grinder for 5 turns
  2897 | D:3      | Noticed Terence
  2921 | D:3      | Killed Terence
  3813 | D:3      | Found a blossoming altar of Fedhas.
  4084 | D:4      | Found a staircase to the Ecumenical Temple.
  4110 | Temple   | Entered the Ecumenical Temple
  4447 | D:4      | Reached XP level 6. HP: 35/41 MP: 14/14
  4780 | D:5      | Entered Level 5 of the Dungeon
  4782 | D:5      | Noticed Blork the orc
  4792 | D:5      | Killed Blork the orc
  4792 | D:5      | Reached skill level 5 in Ice Magic
  4905 | D:5      | Found a gateway to a ziggurat.
  4907 | D:5      | Reached skill level 1 in Polearms
  5347 | D:5      | Found a deep blue altar of Sif Muna.
  5378 | D:5      | Reached XP level 7. HP: 16/46 MP: 16/16
  5958 | D:5      | Reached skill level 5 in Polearms
  6161 | D:3      | Killed Sigmund
  6283 | D:6      | Reached skill level 6 in Ice Magic
  6294 | D:6      | HP: 1/46 [gnoll/spear (5)]
  6613 | D:6      | Found a burning altar of Makhleb.
  6741 | D:6      | Learned a level 4 spell: Condensation Shield
  7086 | D:6      | Reached skill level 7 in Ice Magic
  7086 | D:6      | Reached XP level 8. HP: 45/52 MP: 18/18
  7264 | D:6      | Reached skill level 8 in Ice Magic
  7307 | D:6      | Learned a level 3 spell: Ozocubu's Armour
  7940 | D:6      | Found a sparkling altar of Nemelex Xobeh.
  8322 | D:7      | Reached skill level 5 in Spellcasting
  8702 | D:3      | Paralysed by Grinder for 7 turns
  8709 | D:3      | Killed from afar by Grinder

Action                   |  1- 3 |  4- 6 |  7- 9 || total
-------------------------+-------+-------+-------++-------
Melee: Unarmed           |     8 |       |       ||     8
       Short sword       |    36 |    35 |       ||    71
       Halberd           |       |     9 |   100 ||   109
 Cast: Freeze            |    62 |    85 |    89 ||   236
       Condensation Shie |       |       |     3 ||     3
       Ozocubu's Armour  |       |       |     2 ||     2
  Use: Scroll            |     2 |       |     2 ||     4
 Stab: Sleeping          |       |       |     1 ||     1
